 Dungeon Crawl Stone Soup version 0.30.0-20-g3615ddf2f0 (webtiles) character file.

Game seed: 1201647075954660659

2872 qw the Cleaver (level 9, 0/57 HPs)
             Began as a Gargoyle Fighter on May 29, 2023.
             Slain by an ogre
             ... wielding a +0 giant club
              (14 damage)
             ... on level 7 of the Dungeon.
             The game lasted 00:03:12 (7199 turns).

qw the Cleaver (Gargoyle Fighter)                   Turns: 7199, Time: 00:03:13

Health: 0/57       AC: 22    Str: 25    XL:     9   Next: 76%
Magic:  9/9        EV:  7    Int:  8    God:
Gold:   355        SH:  4    Dex:  9    Spells: 8/8 levels left

rFire   . . .        Y - +1 war axe
rCold   . . .        c - +0 buckler
rNeg    + . .        m - +0 plate armour
rPois   inf          (no helmet)
rElec   +            i - +0 cloak
rCorr   .            j - +1 pair of gloves
SInv    .            (no boots)
Will    .....        (no amulet) Stlth
                     (no ring)
HPRegen 0.29/turn    (no ring)
MPRegen 0.11/turn

%: no passive effects
@: about to teleport
A: sickness immunity, AC +6, negative energy resistance 1, electricity
resistance, torment resistance 1, petrification resistance
a: no special abilities


You were on level 7 of the Dungeon.
You visited 1 branch of the dungeon, and saw 7 of its levels.

You collected 355 gold pieces.


Innate Abilities, Weirdness & Mutations

You are immune to sickness and miasma.
Your stone body is resilient. (AC +6)
You are immune to poison.
You resist negative energy. (rN+)
You are resistant to electric shocks. (rElec)
You are resistant to unholy torment.
You are immune to petrification.


   Skills:
 - Level 7.0 Fighting
 + Level 9.3 Axes
 - Level 2.2 Throwing
 - Level 6.0 Armour
 - Level 1.9 Dodging
 - Level 4.3 Shields


You had 8 spell levels left.
You didn't know any spells.
Your spell library was empty.

Inventory:

Hand Weapons
 n - a +0 flail
 Y - a +1 war axe (weapon)
Missiles
 p - 5 silver boomerangs (quivered)
Armour
 c - a +0 buckler (worn)
 i - a +0 cloak (worn)
 j - a +1 pair of gloves (worn)
 m - a +0 plate armour (worn)
Scrolls
 a - 2 scrolls of identify
 f - a scroll of teleportation
 o - a scroll of blinking {unknown}
Potions
 b - a potion of flight {unknown}
 d - 2 potions of might
 e - a potion of lignification
 g - 3 potions of attraction
 h - a potion of mutation
 k - a potion of magic {unknown}
 l - 3 potions of curing
 q - a potion of berserk rage {unknown}
 r - a potion of haste {unknown}
 t - a potion of resistance

Dungeon Overview and Level Annotations

Branches:
Dungeon (7/15)
 Temple: D:4-7

Altars:
Elyvilon
Fedhas
Kikubaaqudgha
Uskayaw
Yredelemnul


Message History

The ice beast is almost dead.
The ice beast hits you but does no damage.
You slash the ice beast!
You kill the ice beast!
You closely miss the shadow imp. The shadow imp closely misses you.
The white imp sputters.
You slash the shadow imp!
You kill the shadow imp!
You barely miss the white imp. You completely miss the white imp.
The white imp hits you. The white imp freezes you.
You slash the white imp!
The white imp is almost dead.
The white imp hits you but does no damage.
You hit the white imp but do no damage.
The white imp is almost dead.
The white imp grinds its teeth.
The white imp barely misses you.
You slice the white imp!!
You kill the white imp!
You hit the ogre.
The ogre is moderately wounded.
The ogre hits you with a +0 giant club!
You slash the ogre!
The ogre is heavily wounded.
You block the ogre's attack.
You hit the ogre but do no damage.
The ogre is heavily wounded.
The ogre hits you with a +0 giant club!!
7197 ||| READING 2 scrolls of teleportation.
As you read the scroll of teleportation, it crumbles to dust.
You feel strangely unstable.
You hit the ogre.
The ogre is severely wounded.
The ogre hits you but does no damage.
You hit the ogre.
The ogre is almost dead.
The ogre hits you with a +0 giant club!
You die...

##.### ######....##
#......##..#
##.###.####.#
#..###.####.#######..
.%.#.................
.#)#..#...##.....#####
.#....#.#.....##.#...#..
.#..#...#..##...@O5..'..
....#............#z..#..
################## ###


You could see an ogre, a wight and an ufetubus.

Vanquished Creatures
  Grinder (D:3)
  A wraith (D:5)
  2 water moccasins
  4 sky beasts
  2 black bears
  2 ice beasts
  An ogre (D:6)
  A centaur (D:6)
  2 phantoms
  A kobold brigand (D:6)
  2 bullfrogs (D:7)
  A gnoll sergeant (D:7)
  6 scorpions
  A howler monkey (D:6)
  2 hounds
  5 orc priests
  A sleepcap (D:6)
  3 iguanas
  4 orc wizards
  4 gnolls (D:4)
  4 adders
  3 shadow imps
  5 white imps
  2 worms (D:2)
  4 dart slugs
  19 orcs
  5 endoplasms
  6 giant cockroaches
  9 goblins
  6 hobgoblins
  6 jackals
  4 quokkas
  9 ball pythons
  7 bats
  3 frilled lizards
  9 kobolds
  9 rats
156 creatures vanquished.

Notes
Turn   | Place    | Note
-------+----------+-------------------------------------------
     0 | D:1      | qw the Gargoyle Fighter began the quest for the Orb.
     0 | D:1      | Reached XP level 1. HP: 14/14 MP: 1/1
     0 | D:1      | 0 ||| qw: Version: 0.2-a-102-g2b76a06
     0 | D:1      | 0 ||| qw: Game counter: 401
     0 | D:1      | 0 ||| qw: Always use a shield: true
     0 | D:1      | 0 ||| qw: God list: Okawaru
     0 | D:1      | 0 ||| qw: Allow faded altars: false
     0 | D:1      | 0 ||| qw: Do Orc after D:15 true
     0 | D:1      | 0 ||| qw: Do second Lair branch before Depths: true
     0 | D:1      | 0 ||| qw: Lair rune preference: random
     0 | D:1      | 0 ||| qw: Plans: Normal, Zot:1-4, Slime:5, God:TSO, Crypt,
                  | Tomb, Pan, Hells, Abyss, Win
     0 | D:1      | 0 ||| PLANNING D:1-11
    50 | D:1      | Reached skill level 2 in Axes
   107 | D:1      | Reached XP level 2. HP: 19/19 MP: 2/2
   367 | D:1      | 367 ||| DROPPING +0 club.
   608 | D:1      | 608 ||| Stepping ~*~*~tactically~*~*~ (hiding).
   828 | D:1      | 828 ||| READING 2 scrolls labelled BACEJ VIEHUPPY.
   829 | D:1      | 829 ||| READING scroll labelled QAZOUQ BAUH.
   830 | D:1      | 830 ||| READING scroll labelled ZETSON ENUE.
   956 | D:2      | Reached skill level 3 in Axes
   956 | D:2      | Reached XP level 3. HP: 22/23 MP: 3/3
  1385 | D:2      | Reached XP level 4. HP: 25/28 MP: 4/4
  1404 | D:2      | 1404 ||| Stepping ~*~*~tactically~*~*~ (hiding).
  1455 | D:2      | Reached skill level 4 in Axes
  1645 | D:2      | 1645 ||| Stepping ~*~*~tactically~*~*~ (hiding).
  2053 | D:2      | 2053 ||| UPGRADING to +0 cloak.
  2058 | D:2      | 2058 ||| UPGRADING to +1 pair of gloves.
  2063 | D:2      | 2063 ||| READING 2 scrolls labelled UNU TEZUITI.
  2067 | D:2      | 2067 ||| DRINKING 2 golden potions.
  2111 | D:2      | 2111 ||| DRINKING 2 orange potions.
  2211 | D:3      | 2211 ||| Stepping ~*~*~tactically~*~*~ (stealth).
  2217 | D:3      | 2217 ||| Stepping ~*~*~tactically~*~*~ (stealth).
  2218 | D:3      | 2218 ||| Stepping ~*~*~tactically~*~*~ (stealth).
  2245 | D:3      | 2245 ||| Stepping ~*~*~tactically~*~*~ (stealth).
  2247 | D:3      | 2247 ||| Stepping ~*~*~tactically~*~*~ (stealth).
  2256 | D:3      | Noticed a sky beast
  2267 | D:3      | 2267 ||| Stepping ~*~*~tactically~*~*~ (stealth).
  2280 | D:3      | Killed a sky beast
  2281 | D:3      | Reached skill level 5 in Axes
  2281 | D:3      | Reached XP level 5. HP: 27/32 MP: 5/5
  2319 | D:3      | 2319 ||| Stepping ~*~*~tactically~*~*~ (stealth).
  2326 | D:3      | 2326 ||| Stepping ~*~*~tactically~*~*~ (stealth).
  2327 | D:3      | 2327 ||| Stepping ~*~*~tactically~*~*~ (stealth).
  2436 | D:3      | 2436 ||| Stepping ~*~*~tactically~*~*~ (stealth).
  2455 | D:3      | 2455 ||| DROPPING +0 mace.
  2514 | D:3      | Found a basalt altar of Yredelemnul.
  2863 | D:3      | Reached skill level 1 in Throwing
  2966 | D:3      | Noticed Grinder
  2967 | D:3      | 2967 ||| Stepping ~*~*~tactically~*~*~ (hiding).
  2968 | D:3      | 2968 ||| Stepping ~*~*~tactically~*~*~ (hiding).
  2969 | D:3      | 2969 ||| Stepping ~*~*~tactically~*~*~ (hiding).
  2994 | D:3      | HP: 7/32 [Grinder/nerve-wracking pain (5)]
  2995 | D:3      | 2995 ||| READING 4 scrolls of teleportation.
  2996 | D:3      | Killed Grinder
  2997 | D:3      | Reached XP level 6. HP: 9/40 MP: 6/6
  3205 | D:3      | 3205 ||| READING scroll labelled QENTEVV PEESM.
  3206 | D:3      | 3206 ||| READING 2 scrolls labelled LYR QESHEWI.
  3207 | D:3      | 3207 ||| READING scroll labelled VUNAERESUPO.
  3208 | D:3      | 3208 ||| READING scroll labelled PEHEUZ PIOWAI.
  3209 | D:3      | 3209 ||| DRINKING 4 emerald potions.
  3210 | D:3      | 3210 ||| DROPPING scroll of amnesia.
  3236 | D:4      | 3236 ||| Stepping ~*~*~tactically~*~*~ (hiding).
  3262 | D:4      | 3262 ||| Stepping ~*~*~tactically~*~*~ (stealth).
  3265 | D:4      | 3265 ||| Stepping ~*~*~tactically~*~*~ (stealth).
  3306 | D:4      | Found a hide-covered altar of Uskayaw.
  3332 | D:4      | Noticed a sky beast
  3349 | D:4      | Killed a sky beast
  3350 | D:4      | Reached skill level 1 in Dodging
  3350 | D:4      | Reached XP level 7. HP: 41/44 MP: 7/7
  3465 | D:4      | HP: 11/44 [gnoll/+0 spear (4)]
  3466 | D:4      | 3466 ||| READING 3 scrolls of teleportation.
  3635 | D:4      | 3635 ||| DROPPING +2 heavy mace.
  3639 | D:4      | Found a white marble altar of Elyvilon.
  3671 | D:4      | 3671 ||| Stepping ~*~*~tactically~*~*~ (stealth).
  3702 | D:4      | Found a blossoming altar of Fedhas.
  3815 | D:4      | Reached skill level 6 in Axes
  3923 | D:4      | 3923 ||| UPGRADING to +0 chain mail.
  3933 | D:4      | 3933 ||| DROPPING +0 scale mail.
  3934 | D:4      | 3934 ||| READING scroll labelled HEPUNUATWE.
  3983 | D:5      | Entered Level 5 of the Dungeon
  4046 | D:5      | 4046 ||| Stepping ~*~*~tactically~*~*~ (hiding).
  4050 | D:5      | HP: 10/44 [orc priest/divine providence (15)]
  4051 | D:5      | 4051 ||| READING 3 scrolls of teleportation.
  4186 | D:5      | Noticed a wraith
  4198 | D:5      | Killed a wraith
  4199 | D:5      | Reached skill level 7 in Axes
  4199 | D:5      | Reached XP level 8. HP: 49/49 MP: 8/8
  4887 | D:5      | 4887 ||| Stepping ~*~*~tactically~*~*~ (hiding).
  4888 | D:5      | 4888 ||| Stepping ~*~*~tactically~*~*~ (hiding).
  5013 | D:5      | Reached skill level 8 in Axes
  5200 | D:5      | 5200 ||| READING scroll labelled PYOSIU VEXY.
  5201 | D:5      | 5201 ||| READING 2 scrolls of identify.
  5201 | D:5      | 5201 ||| IDENTIFYING smoky white potion
  5242 | D:6      | 5242 ||| Stepping ~*~*~tactically~*~*~ (hiding).
  5244 | D:6      | 5244 ||| Stepping ~*~*~tactically~*~*~ (hiding).
  5669 | D:6      | Found an ancient bone altar of Kikubaaqudgha.
  5680 | D:6      | Reached skill level 6 in Fighting
  5728 | D:6      | 5728 ||| Stepping ~*~*~tactically~*~*~ (hiding).
  5912 | D:6      | HP: 7/51 [ogre/+0 giant club (11)]
  5913 | D:6      | 5913 ||| READING 3 scrolls of teleportation.
  6103 | D:6      | Reached XP level 9. HP: 43/55 MP: 9/9
  6104 | D:6      | Reached skill level 9 in Axes
  6115 | D:6      | 6115 ||| FLEEEEING.
  6116 | D:6      | 6116 ||| FLEEEEING.
  6117 | D:6      | 6117 ||| FLEEEEING.
  6519 | D:6      | 6519 ||| UPGRADING to +0 plate armour.
  6529 | D:6      | 6529 ||| DROPPING +0 chain mail.
  6530 | D:6      | 6530 ||| READING scroll labelled DALUROILYE.
  6570 | D:6      | 6570 ||| DRINKING 2 fizzy dark potions.
  6812 | D:7      | 6812 ||| Stepping ~*~*~tactically~*~*~ (hiding).
  6970 | D:7      | 6970 ||| Stepping ~*~*~tactically~*~*~ (hiding).
  6972 | D:7      | 6972 ||| Stepping ~*~*~tactically~*~*~ (hiding).
  6973 | D:7      | 6973 ||| Stepping ~*~*~tactically~*~*~ (hiding).
  7120 | D:7      | 7120 ||| Stepping ~*~*~tactically~*~*~ (hiding).
  7133 | D:7      | Reached skill level 6 in Armour
  7143 | D:7      | 7143 ||| Stepping ~*~*~tactically~*~*~ (stealth).
  7196 | D:7      | HP: 13/57 [ogre/+0 giant club (26)]
  7197 | D:7      | 7197 ||| READING 2 scrolls of teleportation.
  7199 | D:7      | Slain by an ogre

Levels and vault maps discovered:
D:1:      scummos_arrival_forest, layout_loops_ring, serial_forest,
          infiniplex_forest_clump_tiny, infiniplex_forest_corner_1,
          infiniplex_forest_straight_2, infiniplex_forest_straight_1,
          infiniplex_forest_clump_small, infiniplex_forest_clump_long,
          infiniplex_forest_end_2, infiniplex_forest_side_room,
          infiniplex_forest_clump_curved
D:2:      minmay_diamond_boxcup, layout_loops_corners, minivault_14,
          hangedman_decor_push
D:3:      layout_basic, lemuel_tele_altar, minmay_starry_boxes, uniq_grinder
D:4:      layout_rooms, mainiacjoe_overflow_paths,
          mainiacjoe_overflow_tiny_flanked, mainiacjoe_overflow_six_doors_small,
          serial_bayou_lake_a
D:5:      layout_basic, nrook_mini_backslash
D:6:      layout_loops_ring, old_standard_altar, minmay_increasing_density
D:7:      minmay_thinvault, layout_gridville, lemuel_temple_firewalk_b,
          serial_shops, shop, gammafunk_ghost_nasty_kobolds,
          wad_floor_pattern_1, uniq_maggie

Skill      XL: |  1  2  3  4  5  6  7  8  9 |
---------------+----------------------------+-----
Axes           | 2 3 5 7 8 9 |  9.3
Throwing       | 1 2 |  2.2
Fighting       | 5 6 7 |  7.0
Dodging        | 1 |  1.9
Armour         | 4 6 |  6.0
Shields        | 4 |  4.3

Action                     |  1- 3 |  4- 6 |  7- 9 || total
---------------------------+-------+-------+-------++-------
  Melee: War axe           |   116 |   140 |   335 ||   591
  Throw: Boomerang         |       |    29 |    16 ||    45
    Use: Scroll            |     3 |     6 |     8 ||    17
         Potion            |       |     3 |     1 ||     4
 Armour: Scale mail        |    63 |    73 |    31 ||   167
         Chain mail        |       |       |   132 ||   132
         Plate armour      |       |       |    35 ||    35
  Dodge: Dodged            |    55 |    50 |   121 ||   226
  Block: Buckler           |    16 |    11 |    55 ||    82

Table legend:
 A = Non-vault XP
 B = Vault XP
 C = Vault XP percentage of total XP
 D = Non-vault monster count
 E = Vault monster count
 F = Vault count percentage of total count
                 A         B        C        D         E       F
            +---------+---------+-------+---------+---------+-------
      Total |    2107 |    1997 |  48.7 |     121 |      35 |  22.4
            +---------+---------+-------+---------+---------+-------
        D:1 |      27 |       0 |   0.0 |      16 |       0 |   0.0
        D:2 |      79 |      23 |  22.5 |      27 |       8 |  22.9
        D:3 |      23 |     416 |  94.8 |      13 |       8 |  38.1
        D:4 |     389 |       0 |   0.0 |      24 |       0 |   0.0
        D:5 |     781 |       0 |   0.0 |      20 |       0 |   0.0
        D:6 |     674 |     838 |  55.4 |      18 |      10 |  35.7
        D:7 |     134 |     720 |  84.3 |       3 |       9 |  75.0
            +---------+---------+-------+---------+---------+-------
